Moose vs Checkers

Created - Friday, October 09, 2015 at 00:27

Goals
1 2 3 OT1 SO T
Moose 1 0 0 0 0 1
Checkers 0 0 1 0 1 2
Shots
1 2 3 OT1 SO T
Moose 6 7 15 7 3 35
Checkers 9 6 7 0 2 22

1st period

1. Moose , Josh Jooris 1 (Martin Marincin, Cedric Paquette) at 18:05 (PP)

Penalties :
Ryan Malone (MAN) for Holding (Minor) at 0:11, Darian Dziurzynski (CHA) for Hooking (Minor) at 5:52, Blake Parlett (CHA) for Holding (Minor) at 17:59

2nd period

No Goal

Penalties :
Blake Parlett (CHA) for Slashing (Minor) at 8:15, Petteri Lindbohm (CHA) for Delaying the game (Minor) at 11:05

3rd period

2. Checkers , Michael Bournival 1 (Petteri Lindbohm) at 0:34

Penalties :
Garret Ross (MAN) for Hooking (Minor) at 9:16, Blake Parlett (CHA) for Hooking (Minor) at 18:37

Overtime #1

No Goal

Penalties :
No Penalty

Shootout

Penalty Shot by Josh Jooris for Moose - Shot Misses the Net
Penalty Shot by Michael Bournival for Checkers - Goal!
Penalty Shot by Cedric Paquette for Moose - Stopped by Drew MacIntyre
Penalty Shot by Adam Cracknell for Checkers - Stopped by Sam Brittain
Penalty Shot by Ryan Malone for Moose - Shot Misses the Net

Penalties :
No Penalty

Goalie Stats

Sam Brittain (MAN), 21 saves from 22 shots - (0.955), OTL, 1-0-1, 65:00 minutes
Drew MacIntyre (CHA), 34 saves from 35 shots - (0.971), W, 1-0-0, 65:00 minutes

Players Stats for Moose

Player Name              G  A  P  +/- PIM S  H  SB GA TA FO     MP     PP MP  PK MP  
------------------------------------------------------------------------------------
Ben Chiarot              0  0  0   0  0   3  0  0  0  1  0/0    22:47   3:33   1:54 
Brandon Davidson         0  0  0   0  0   0  2  1  1  3  0/0    13:55   0:00   0:00 
Cedric Paquette          0  1  1  -1  0   3  5  1  2  0  2/2    23:34   3:42   2:02 
Cody Kunyk               0  0  0   0  0   0  0  0  0  0  0/0     0:00   0:00   0:00 
Colin Smith              0  0  0   0  0   2  1  0  1  1  3/6    17:57   1:00   0:00 
Daniil Tarasov           0  0  0   0  0   2  2  1  0  1  0/1    17:35   0:38   0:00 
Garret Ross              0  0  0   0  2   1  4  0  1  0  0/0    18:57   3:05   0:00 
Greg McKegg              0  0  0   0  0   0  1  0  2  0  7/10   19:20   3:05   0:50 
Joel Armia               0  0  0   0  0   2  2  0  0  3  0/0    18:47   2:43   0:00 
Josh Jooris              1  0  1  -1  0   6  2  2  8  0  7/17   23:23   3:42   2:03 
Josh Manson              0  0  0   0  0   0  1  0  0  2  0/0    13:55   0:00   0:00 
Klas Dahlbeck            0  0  0  -1  0   7  6  1  1  3  0/0    23:33   3:52   2:04 
Martin Marincin          0  1  1   0  0   3  0  0  1  1  0/0    22:47   3:33   1:54 
Michael Schumacher       0  0  0   0  0   0  1  0  1  0  1/1    18:15   0:00   0:40 
Oscar Klefbom            0  0  0  -1  0   5  0  3  1  2  0/0    28:36   3:52   2:04 
Rasmus Rissanen          0  0  0   0  0   0  1  1  0  0  0/0     4:45   0:00   0:00 
Rob Flick                0  0  0   0  0   1  2  0  0  0  4/4    10:25   0:00   2:21 
Ryan Malone              0  0  0  -1  2   0  3  0  0  0  1/3    17:29   4:20   0:00 

Players Stats for Checkers

Player Name              G  A  P  +/- PIM S  H  SB GA TA FO     MP     PP MP  PK MP  
------------------------------------------------------------------------------------
Aaron Ness               0  0  0   1  0   1  1  4  0  0  0/0    27:50   1:48   5:47 
Adam Cracknell           0  0  0   1  0   2  0  2  3  1  0/1    21:11   2:21   4:10 
Andrew Gordon            0  0  0   1  0   0  0  0  0  1  1/1    15:02   2:21   1:26 
Benjamin Dieude-Fauvel   0  0  0   0  0   0  2  1  0  0  0/0    17:21   0:00   2:31 
Blake Parlett            0  0  0   0  6   1  1  2  2  0  0/0    21:35   2:10   1:09 
Colin Campbell           0  0  0   0  0   0  0  0  1  0  0/0     3:05   0:00   1:49 
Darian Dziurzynski       0  0  0   0  2   0  0  0  1  0  1/3    17:44   0:00   0:00 
Jaime Sifers             0  0  0   0  0   0  1  0  0  1  0/0    14:43   0:00   0:00 
Jim O'Brien              0  0  0   0  0   3  1  2  3  1  5/9    19:30   1:37   2:33 
Josh Gratton             0  0  0   0  0   0  0  0  0  0  0/1     7:44   0:00   0:00 
Julien Brouillette       0  0  0   0  0   0  1  1  1  1  0/0    22:27   2:10   2:15 
Mark Zengerle            0  0  0   0  0   5  2  0  2  0  0/6    15:32   0:00   0:00 
Michael Bournival        1  0  1   1  0   5  0  0  7  1  10/20  23:10   2:21   3:19 
Petteri Lindbohm         0  1  1   1  2   1  6  4  2  4  0/0    26:53   1:48   4:22 
Sean Backman             0  0  0   0  0   0  2  1  1  1  0/0    16:42   1:37   0:00 
Tomas Vincour            0  0  0   0  0   1  2  0  2  1  0/0    16:42   1:37   0:00 
Wacey Hamilton           0  0  0   0  0   2  0  0  4  0  2/3    16:58   0:00   2:10 
Willie Coetzee           0  0  0   0  0   1  1  0  0  0  0/0     7:44   0:00   0:00 

3 Stars

1 - Drew MacIntyre (CHA)
2 - Sam Brittain (MAN)
3 - Petteri Lindbohm (CHA)

Power Play

Moose - 1 on 5 Attempt(s) - 20.00%
Checkers - 0 on 2 Attempt(s) - 0.00%

Penalty Kill

Moose - 2 on 2 Attempt(s) - 100.00% - Score 0 goal in Penalty Kill
Checkers - 4 on 5 Attempt(s) - 80.00% - Score 0 goal in Penalty Kill

Team Stat

Moose - Hits : 33 - Faceoff Wins : 25 - Blocked Shots : 10 - Penalty Minutes : 4
Checkers - Hits : 20 - Faceoff Wins : 19 - Blocked Shots : 17 - Penalty Minutes : 10

Official

Referees : Unknown
Linesman : Unknown

Game Notes

No Game Note

Finance

Level 1 -- Attendance: 1396 (69.80%) -- Ticket Income $44,672
Level 2 -- Attendance: 773 (77.30%) -- Ticket Income $9,276
Total Attendance: 2169 (72.30%)
Total Ticket Income: $53,948
Other Income: $26,435
Total Income: $80,383

Moose

5 vs 5 Forward 
   Center                   Left Wing                Right Wing               Time % Phy DF OF 
 1 Josh Jooris              Cedric Paquette          Ryan Malone              35     1   2  2  
 2 Greg McKegg              Garret Ross              Joel Armia               30     1   2  2  
 3 Colin Smith              Michael Schumacher       Daniil Tarasov           22     1   2  2  
 4 Rob Flick                Josh Jooris              Cedric Paquette          13     1   2  2  

5 vs 5 Defense 
   Defense                  Defense                                           Time % Phy DF OF 
 1 Oscar Klefbom            Klas Dahlbeck                                     35     1   2  2  
 2 Martin Marincin          Ben Chiarot                                       30     1   2  2  
 3 Brandon Davidson         Josh Manson                                       22     1   2  2  
 4 Rasmus Rissanen          Oscar Klefbom                                     13     1   2  2  

PowerPlay Forward 
   Center                   Left Wing                Right Wing               Time % Phy DF OF 
 1 Josh Jooris              Cedric Paquette          Ryan Malone              60     1   2  2  
 2 Greg McKegg              Garret Ross              Joel Armia               40     1   2  2  

PowerPlay Defense
   Defense                  Defense                                           Time % Phy DF OF 
 1 Oscar Klefbom            Klas Dahlbeck                                     60     1   2  2  
 2 Martin Marincin          Ben Chiarot                                       40     1   2  2  

Penalty Kill 4 Players Forward 
   Center                   Wing                     Time % Phy DF OF 
 1 Josh Jooris              Cedric Paquette          60     1   2  2  
 2 Ryan Malone              Greg McKegg              40     1   2  2  

Penalty Kill 4 Players Defense
   Defense                  Defense                  Time % Phy DF OF 
 1 Oscar Klefbom            Klas Dahlbeck            60     1   2  2  
 2 Martin Marincin          Ben Chiarot              40     1   2  2  

Penalty Kill - 3 Players Forward 
   Forward                                           Time % Phy DF OF 
 1 Josh Jooris                                       60     1   2  2  
 2 Cedric Paquette                                   40     1   2  2  

Penalty Kill - 3 Players Defense
   Defense                  Defense                  Time % Phy DF OF 
 1 Oscar Klefbom            Klas Dahlbeck            60     1   2  2  
 2 Martin Marincin          Ben Chiarot              40     1   2  2  

4 vs 4 Forward 
   Center                   Wing                     Time % Phy DF OF 
 1 Josh Jooris              Cedric Paquette          60     1   2  2  
 2 Ryan Malone              Greg McKegg              40     1   2  2  

4 vs 4 Defense
   Defense                  Defense                  Time % Phy DF OF 
 1 Oscar Klefbom            Klas Dahlbeck            60     1   2  2  
 2 Martin Marincin          Ben Chiarot              40     1   2  2  

Last Minutes Offensive
   Center                   Left Wing                Right Wing               Defense                  Defense                  
   Josh Jooris              Cedric Paquette          Ryan Malone              Oscar Klefbom            Klas Dahlbeck            

Last Minutes Defensive
   Center                   Left Wing                Right Wing               Defense                  Defense                  
   Josh Jooris              Cedric Paquette          Ryan Malone              Oscar Klefbom            Klas Dahlbeck            

Goaltenders
Starting : Sam Brittain             
Backup : Patrik Bartosak          

Extra Forwards
Normal : Colin Smith, Daniil Tarasov, Rob Flick - PP : Colin Smith, Daniil Tarasov - PK : Rob Flick
Extra Defensemen
Normal : Brandon Davidson, Josh Manson, Rasmus Rissanen - PP : Brandon Davidson - PK : Josh Manson, Rasmus Rissanen
Penalty Shots
Josh Jooris, Cedric Paquette, Ryan Malone, Greg McKegg, Garret Ross

Checkers

5 vs 5 Forward 
   Center                   Left Wing                Right Wing               Time % Phy DF OF 
 1 Michael Bournival        Adam Cracknell           Andrew Gordon            35     1   2  2  
 2 Jim O'Brien              Tomas Vincour            Sean Backman             30     1   2  2  
 3 Mark Zengerle            Darian Dziurzynski       Wacey Hamilton           22     1   2  2  
 4 Michael Bournival        Josh Gratton             Willie Coetzee           13     1   2  2  

5 vs 5 Defense 
   Defense                  Defense                                           Time % Phy DF OF 
 1 Petteri Lindbohm         Aaron Ness                                        35     1   2  2  
 2 Blake Parlett            Julien Brouillette                                30     1   2  2  
 3 Jaime Sifers             Benjamin Dieude-Fauvel                            22     1   2  2  
 4 Petteri Lindbohm         Aaron Ness                                        13     1   2  2  

PowerPlay Forward 
   Center                   Left Wing                Right Wing               Time % Phy DF OF 
 1 Michael Bournival        Adam Cracknell           Andrew Gordon            60     1   2  2  
 2 Jim O'Brien              Tomas Vincour            Sean Backman             40     1   2  2  

PowerPlay Defense
   Defense                  Defense                                           Time % Phy DF OF 
 1 Petteri Lindbohm         Aaron Ness                                        60     1   2  2  
 2 Blake Parlett            Julien Brouillette                                40     1   2  2  

Penalty Kill 4 Players Forward 
   Center                   Wing                     Time % Phy DF OF 
 1 Michael Bournival        Adam Cracknell           60     1   2  2  
 2 Andrew Gordon            Jim O'Brien              40     1   2  2  

Penalty Kill 4 Players Defense
   Defense                  Defense                  Time % Phy DF OF 
 1 Petteri Lindbohm         Aaron Ness               60     1   2  2  
 2 Blake Parlett            Julien Brouillette       40     1   2  2  

Penalty Kill - 3 Players Forward 
   Forward                                           Time % Phy DF OF 
 1 Michael Bournival                                 60     1   2  2  
 2 Adam Cracknell                                    40     1   2  2  

Penalty Kill - 3 Players Defense
   Defense                  Defense                  Time % Phy DF OF 
 1 Petteri Lindbohm         Aaron Ness               60     1   2  2  
 2 Blake Parlett            Julien Brouillette       40     1   2  2  

4 vs 4 Forward 
   Center                   Wing                     Time % Phy DF OF 
 1 Michael Bournival        Adam Cracknell           60     1   2  2  
 2 Andrew Gordon            Jim O'Brien              40     1   2  2  

4 vs 4 Defense
   Defense                  Defense                  Time % Phy DF OF 
 1 Petteri Lindbohm         Aaron Ness               60     1   2  2  
 2 Blake Parlett            Julien Brouillette       40     1   2  2  

Last Minutes Offensive
   Center                   Left Wing                Right Wing               Defense                  Defense                  
   Michael Bournival        Adam Cracknell           Andrew Gordon            Petteri Lindbohm         Aaron Ness               

Last Minutes Defensive
   Center                   Left Wing                Right Wing               Defense                  Defense                  
   Michael Bournival        Adam Cracknell           Andrew Gordon            Petteri Lindbohm         Aaron Ness               

Goaltenders
Starting : Drew MacIntyre           
Backup : John Muse                

Extra Forwards
Normal : Darian Dziurzynski, Mark Zengerle, Wacey Hamilton - PP : Darian Dziurzynski, Mark Zengerle - PK : Wacey Hamilton
Extra Defensemen
Normal : Jaime Sifers, Benjamin Dieude-Fauvel, Blake Parlett - PP : Jaime Sifers - PK : Benjamin Dieude-Fauvel, Blake Parlett
Penalty Shots
Michael Bournival, Adam Cracknell, Andrew Gordon, Jim O'Brien, Tomas Vincour

% Time on Ice - Moose

Lines # - Real PCT - Wanted PCT - Time Play
Normal Forward
1 - 25% - 35% - 12:20
2 - 32% - 30% - 15:37
3 - 32% - 22% - 15:35
4 - 10% - 13% - 5:05
Normal Defense
1 - 31% - 35% - 14:55
2 - 31% - 30% - 15:02
3 - 29% - 22% - 13:55
4 - 10% - 13% - 4:45
PP Forward
1 - 58% - 60% - 4:20
2 - 42% - 40% - 3:05
PP Defense
1 - 52% - 60% - 3:52
2 - 48% - 40% - 3:33
PK Forward
1 - 79% - 60% - 3:08
2 - 21% - 40% - 0:50
PK Defense
1 - 52% - 60% - 2:04
2 - 48% - 40% - 1:54
PK3 Forward
1 - 0% - 60%
2 - 0% - 40%
PK3 Defense
1 - 0% - 60%
2 - 0% - 40%
44 Forward
1 - 88% - 60% - 4:23
2 - 12% - 40% - 0:37
44 Defense
1 - 54% - 60% - 2:42
2 - 46% - 40% - 2:18
Last Minute Offensive  - 0:00
Last Minute Defensive  - 0:00
Total
Forward - 65:00
Defense - 65:00

% Time on Ice - Checkers

Lines # - Real PCT - Wanted PCT - Time Play
Normal Forward
1 - 25% - 35% - 12:16
2 - 32% - 30% - 15:20
3 - 27% - 22% - 13:17
4 - 16% - 13% - 7:44
Normal Defense
1 - 33% - 35% - 15:51
2 - 33% - 30% - 15:54
3 - 29% - 22% - 14:14
4 - 5% - 13% - 2:38
PP Forward
1 - 59% - 60% - 2:21
2 - 41% - 40% - 1:37
PP Defense
1 - 45% - 60% - 1:48
2 - 55% - 40% - 2:10
PK Forward
1 - 81% - 60% - 5:59
2 - 19% - 40% - 1:26
PK Defense
1 - 70% - 60% - 5:10
2 - 30% - 40% - 2:15
PK3 Forward
1 - 100% - 60% - 0:37
2 - 0% - 40% - 0:00
PK3 Defense
1 - 100% - 60% - 0:37
2 - 0% - 40% - 0:00
44 Forward
1 - 100% - 60% - 4:23
2 - 0% - 40% - 0:00
44 Defense
1 - 51% - 60% - 2:15
2 - 49% - 40% - 2:08
Last Minute Offensive  - 0:00
Last Minute Defensive  - 0:00
Total
Forward - 65:00
Defense - 65:00

Play by Play

1st period


0:01 of 1st period - Michael Bournival wins face-off versus Josh Jooris in neutral zone.
0:11 of 1st period - Minor Penalty to Ryan Malone for Holding.
0:12 of 1st period - Josh Jooris wins face-off versus Michael Bournival in Moose zone.
1:32 of 1st period - Sean Backman is hit by Cedric Paquette and loses puck.
2:11 of 1st period - Penalty to Ryan Malone is over, Ryan Malone is back on ice.
2:50 of 1st period - Snap shot by Colin Smith.
2:50 of 1st period - Stopped by Drew MacIntyre with a rebound.
2:57 of 1st period - Off-side.
2:58 of 1st period - Greg McKegg wins face-off versus Michael Bournival in neutral zone.
3:24 of 1st period - Off-side.
3:25 of 1st period - Wacey Hamilton wins face-off versus Daniil Tarasov in neutral zone.
3:30 of 1st period - Josh Manson is hit by Petteri Lindbohm and loses puck.
3:43 of 1st period - Wrist shot by Petteri Lindbohm.
3:43 of 1st period - Stopped by Sam Brittain with a rebound.
4:15 of 1st period - Wrist shot by Josh Jooris.
4:15 of 1st period - Stopped by Drew MacIntyre without a rebound.
4:16 of 1st period - Jim O'Brien wins face-off versus Josh Jooris in Checkers zone.
4:16 of 1st period - Jim O'Brien is hit by Cedric Paquette.
4:32 of 1st period - Benjamin Dieude-Fauvel is hit by Cedric Paquette and loses puck.
5:52 of 1st period - Minor Penalty to Darian Dziurzynski for Hooking.
5:53 of 1st period - Josh Jooris wins face-off versus Michael Bournival in Checkers zone.
6:29 of 1st period - Aaron Ness is hit by Klas Dahlbeck and loses puck.
6:42 of 1st period - Jim O'Brien is hit by Greg McKegg and loses puck.
7:29 of 1st period - Snap shot by Martin Marincin.
7:29 of 1st period - Stopped by Drew MacIntyre with a rebound.
7:39 of 1st period - Adam Cracknell is hit by Josh Jooris and loses puck.
7:52 of 1st period - Penalty to Darian Dziurzynski is over, Darian Dziurzynski is back on ice.
8:17 of 1st period - Wacey Hamilton is hit by Klas Dahlbeck and loses puck.
9:16 of 1st period - Wrist shot by Josh Jooris.
9:16 of 1st period - Shot Misses the Net.
10:04 of 1st period - Slapshot by Mark Zengerle.
10:04 of 1st period - Stopped by Sam Brittain with a rebound.
10:06 of 1st period - Snap shot by Darian Dziurzynski.
10:06 of 1st period - Shot Misses the Net.
10:08 of 1st period - Slapshot by Aaron Ness.
10:08 of 1st period - Deflect By Mark Zengerle.
10:08 of 1st period - Stopped by Sam Brittain with a rebound.
10:32 of 1st period - Wrist shot by Michael Bournival.
10:32 of 1st period - Stopped by Sam Brittain with a rebound.
10:50 of 1st period - Brandon Davidson is hit by Sean Backman and loses puck.
10:55 of 1st period - Snap shot by Tomas Vincour.
10:55 of 1st period - Stopped by Sam Brittain without a rebound.
10:56 of 1st period - Greg McKegg wins face-off versus Jim O'Brien in Moose zone.
11:12 of 1st period - Off-side.
11:13 of 1st period - Ryan Malone wins face-off versus Darian Dziurzynski in neutral zone.
11:16 of 1st period - Slapshot by Martin Marincin.
11:16 of 1st period - Stopped by Drew MacIntyre with a rebound.
11:18 of 1st period - Slapshot by Cedric Paquette.
11:18 of 1st period - Stopped by Drew MacIntyre with a rebound.
12:31 of 1st period - Snap shot by Jim O'Brien.
12:31 of 1st period - Stopped by Sam Brittain with a rebound.
13:03 of 1st period - Snap shot by Garret Ross.
13:03 of 1st period - Shot Misses the Net.
13:27 of 1st period - Snap shot by Michael Bournival.
13:27 of 1st period - Stopped by Sam Brittain with a rebound.
13:57 of 1st period - Garret Ross is hit by Tomas Vincour and loses puck.
14:26 of 1st period - Oscar Klefbom is hit by Sean Backman.
14:30 of 1st period - Petteri Lindbohm is hit by Cedric Paquette.
14:53 of 1st period - Petteri Lindbohm is hit by Ryan Malone and loses puck.
15:02 of 1st period - Slapshot by Ben Chiarot.
15:02 of 1st period - Shot Misses the Net.
15:20 of 1st period - Willie Coetzee is hit by Rob Flick and loses puck.
15:45 of 1st period - Snap shot by Mark Zengerle.
15:45 of 1st period - Shot Misses the Net.
16:14 of 1st period - Snap shot by Andrew Gordon.
16:14 of 1st period - Shot Blocked by Brandon Davidson.
16:16 of 1st period - Wrist shot by Adam Cracknell.
16:16 of 1st period - Stopped by Sam Brittain with a rebound.
16:18 of 1st period - Snap shot by Mark Zengerle.
16:18 of 1st period - Deflect By Adam Cracknell.
16:18 of 1st period - Shot Misses the Net.
16:18 of 1st period - Puck is out of play.
16:19 of 1st period - Michael Bournival wins face-off versus Colin Smith in Moose zone.
16:50 of 1st period - Julien Brouillette is hit by Ryan Malone and loses puck.
16:59 of 1st period - Wrist shot by Mark Zengerle.
16:59 of 1st period - Stopped by Sam Brittain without a rebound.
17:00 of 1st period - Rob Flick wins face-off versus Wacey Hamilton in Moose zone.
17:00 of 1st period - Rob Flick is hit by Mark Zengerle.
17:59 of 1st period - Minor Penalty to Blake Parlett for Holding.
18:00 of 1st period - Cedric Paquette wins face-off versus Michael Bournival in Checkers zone.
18:01 of 1st period - Snap shot by Josh Jooris.
18:01 of 1st period - Shot Misses the Net.
18:03 of 1st period - Slapshot by Martin Marincin.
18:03 of 1st period - Shot Misses the Net.
18:05 of 1st period - Snap shot by Josh Jooris.
18:05 of 1st period - Goal by Josh Jooris - Moose : 1 - Checkers : 0.
18:06 of 1st period - Cedric Paquette wins face-off versus Adam Cracknell in neutral zone.
18:11 of 1st period - Adam Cracknell is hit by Ryan Malone and loses puck.
18:38 of 1st period - Wrist shot by Tomas Vincour.
18:38 of 1st period - Deflect By Sean Backman.
18:38 of 1st period - Shot Misses the Net.
18:38 of 1st period - Puck is out of play.
18:39 of 1st period - Jim O'Brien wins face-off versus Greg McKegg in Moose zone.
19:55 of 1st period - Michael Bournival is hit by Josh Jooris and loses puck.
Goals for this period are 1 for Moose vs 0 for Checkers.
Shots for this period are 6 for Moose vs 9 for Checkers.

2nd period


0:01 of 2nd period - Michael Bournival wins face-off versus Josh Jooris in neutral zone.
0:53 of 2nd period - Slapshot by Jim O'Brien.
0:53 of 2nd period - Stopped by Sam Brittain without a rebound.
0:54 of 2nd period - Greg McKegg wins face-off versus Jim O'Brien in Moose zone.
1:24 of 2nd period - Wrist shot by Julien Brouillette.
1:24 of 2nd period - Shot Misses the Net.
1:26 of 2nd period - Wrist shot by Blake Parlett.
1:26 of 2nd period - Stopped by Sam Brittain with a rebound.
2:25 of 2nd period - Wrist shot by Willie Coetzee.
2:25 of 2nd period - Stopped by Sam Brittain with a rebound.
4:30 of 2nd period - Michael Bournival is hit by Colin Smith and loses puck.
5:31 of 2nd period - Wrist shot by Daniil Tarasov.
5:31 of 2nd period - Stopped by Drew MacIntyre with a rebound.
5:53 of 2nd period - Petteri Lindbohm is hit by Joel Armia and loses puck.
7:28 of 2nd period - Greg McKegg is hit by Petteri Lindbohm and loses puck.
8:04 of 2nd period - Josh Gratton is hit by Rob Flick.
8:15 of 2nd period - Minor Penalty to Blake Parlett for Slashing.
8:16 of 2nd period - Wacey Hamilton wins face-off versus Josh Jooris in Checkers zone.
8:43 of 2nd period - Cedric Paquette is hit by Petteri Lindbohm.
9:00 of 2nd period - Colin Campbell is hit by Garret Ross.
9:04 of 2nd period - Ben Chiarot is hit by Petteri Lindbohm and loses puck.
9:48 of 2nd period - Slapshot by Garret Ross.
9:48 of 2nd period - Stopped by Drew MacIntyre without a rebound.
9:49 of 2nd period - Jim O'Brien wins face-off versus Greg McKegg in Checkers zone.
9:49 of 2nd period - Jim O'Brien is hit by Garret Ross.
10:15 of 2nd period - Penalty to Blake Parlett is over, Blake Parlett is back on ice.
10:49 of 2nd period - Slapshot by Josh Manson.
10:49 of 2nd period - Shot Blocked by Aaron Ness.
10:51 of 2nd period - Snap shot by Josh Jooris.
10:51 of 2nd period - Stopped by Drew MacIntyre with a rebound.
11:05 of 2nd period - Minor Penalty to Petteri Lindbohm for Delaying the game.
11:06 of 2nd period - Josh Jooris wins face-off versus Michael Bournival in Checkers zone.
11:38 of 2nd period - Jim O'Brien is hit by Garret Ross and loses puck.
12:08 of 2nd period - Cedric Paquette is hit by Benjamin Dieude-Fauvel and loses puck.
12:46 of 2nd period - Snap shot by Greg McKegg.
12:46 of 2nd period - Shot Blocked by Aaron Ness.
13:00 of 2nd period - Slapshot by Oscar Klefbom.
13:00 of 2nd period - Shot Blocked by Benjamin Dieude-Fauvel.
13:02 of 2nd period - Snap shot by Ryan Malone.
13:02 of 2nd period - Shot Misses the Net.
13:05 of 2nd period - Penalty to Petteri Lindbohm is over, Petteri Lindbohm is back on ice.
13:28 of 2nd period - Julien Brouillette is hit by Daniil Tarasov and loses puck.
14:08 of 2nd period - Josh Manson is hit by Willie Coetzee and loses puck.
14:38 of 2nd period - Icing by Brandon Davidson.
14:39 of 2nd period - Greg McKegg wins face-off versus Mark Zengerle in Moose zone.
14:39 of 2nd period - Greg McKegg is hit by Julien Brouillette.
15:33 of 2nd period - Petteri Lindbohm is hit by Daniil Tarasov and loses puck.
15:40 of 2nd period - Michael Schumacher is hit by Petteri Lindbohm and loses puck.
16:09 of 2nd period - Slapshot by Oscar Klefbom.
16:09 of 2nd period - Stopped by Drew MacIntyre without a rebound.
16:10 of 2nd period - Rob Flick wins face-off versus Michael Bournival in Checkers zone.
16:23 of 2nd period - Slapshot by Michael Bournival.
16:23 of 2nd period - Stopped by Sam Brittain with a rebound.
16:25 of 2nd period - Wrist shot by Adam Cracknell.
16:25 of 2nd period - Shot Blocked by Oscar Klefbom.
17:14 of 2nd period - Slapshot by Ben Chiarot.
17:14 of 2nd period - Stopped by Drew MacIntyre with a rebound.
17:16 of 2nd period - Slapshot by Ben Chiarot.
17:16 of 2nd period - Deflect By Joel Armia.
17:16 of 2nd period - Shot Blocked by Blake Parlett.
17:16 of 2nd period - Puck is out of play.
17:17 of 2nd period - Rob Flick wins face-off versus Mark Zengerle in Checkers zone.
17:18 of 2nd period - Wrist shot by Oscar Klefbom.
17:18 of 2nd period - Deflect By Rob Flick.
17:18 of 2nd period - Stopped by Drew MacIntyre without a rebound.
17:19 of 2nd period - Rob Flick wins face-off versus Mark Zengerle in Checkers zone.
17:20 of 2nd period - Snap shot by Oscar Klefbom.
17:20 of 2nd period - Deflect By Petteri Lindbohm.
17:20 of 2nd period - Stopped by Drew MacIntyre with a rebound.
17:41 of 2nd period - Slapshot by Petteri Lindbohm.
17:41 of 2nd period - Shot Blocked by Cedric Paquette.
17:43 of 2nd period - Wrist shot by Benjamin Dieude-Fauvel.
17:43 of 2nd period - Shot Blocked by Rasmus Rissanen.
18:01 of 2nd period - Snap shot by Adam Cracknell.
18:01 of 2nd period - Stopped by Sam Brittain with a rebound.
18:25 of 2nd period - Snap shot by Michael Bournival.
18:25 of 2nd period - Stopped by Sam Brittain with a rebound.
19:04 of 2nd period - Ben Chiarot is hit by Jaime Sifers and loses puck.
19:57 of 2nd period - Petteri Lindbohm is hit by Josh Manson and loses puck.
Goals for this period are 0 for Moose vs 0 for Checkers.
Shots for this period are 7 for Moose vs 6 for Checkers.

3rd period


0:01 of 3rd period - Michael Bournival wins face-off versus Josh Jooris in neutral zone.
0:06 of 3rd period - Slapshot by Petteri Lindbohm.
0:06 of 3rd period - Shot Blocked by Oscar Klefbom.
0:08 of 3rd period - Snap shot by Adam Cracknell.
0:08 of 3rd period - Shot Misses the Net.
0:34 of 3rd period - Slapshot by Michael Bournival.
0:34 of 3rd period - Goal by Michael Bournival - Moose : 1 - Checkers : 1.
0:35 of 3rd period - Greg McKegg wins face-off versus Jim O'Brien in neutral zone.
0:38 of 3rd period - Slapshot by Oscar Klefbom.
0:38 of 3rd period - Deflect By Petteri Lindbohm.
0:38 of 3rd period - Stopped by Drew MacIntyre with a rebound.
0:52 of 3rd period - Slapshot by Jim O'Brien.
0:52 of 3rd period - Stopped by Sam Brittain with a rebound.
0:54 of 3rd period - Slapshot by Petteri Lindbohm.
0:54 of 3rd period - Shot Misses the Net.
0:56 of 3rd period - Slapshot by Petteri Lindbohm.
0:56 of 3rd period - Shot Blocked by Oscar Klefbom.
0:58 of 3rd period - Wrist shot by Jim O'Brien.
0:58 of 3rd period - Shot Misses the Net.
1:00 of 3rd period - Slapshot by Petteri Lindbohm.
1:00 of 3rd period - Shot Misses the Net.
1:16 of 3rd period - Jim O'Brien is hit by Klas Dahlbeck and loses puck.
1:31 of 3rd period - Blake Parlett is hit by Klas Dahlbeck and loses puck.
2:19 of 3rd period - Slapshot by Mark Zengerle.
2:19 of 3rd period - Shot Misses the Net.
4:15 of 3rd period - Martin Marincin is hit by Petteri Lindbohm.
4:37 of 3rd period - Tomas Vincour is hit by Garret Ross and loses puck.
5:40 of 3rd period - Snap shot by Daniil Tarasov.
5:40 of 3rd period - Stopped by Drew MacIntyre without a rebound.
5:41 of 3rd period - Michael Schumacher wins face-off versus Michael Bournival in Checkers zone.
5:42 of 3rd period - Slapshot by Oscar Klefbom.
5:42 of 3rd period - Stopped by Drew MacIntyre without a rebound.
5:43 of 3rd period - Colin Smith wins face-off versus Michael Bournival in Checkers zone.
6:14 of 3rd period - Cedric Paquette is hit by Benjamin Dieude-Fauvel and loses puck.
6:21 of 3rd period - Wrist shot by Jim O'Brien.
6:21 of 3rd period - Shot Blocked by Klas Dahlbeck.
6:23 of 3rd period - Slapshot by Benjamin Dieude-Fauvel.
6:23 of 3rd period - Shot Misses the Net.
6:25 of 3rd period - Wrist shot by Benjamin Dieude-Fauvel.
6:25 of 3rd period - Shot Blocked by Josh Jooris.
7:18 of 3rd period - Wrist shot by Joel Armia.
7:18 of 3rd period - Stopped by Drew MacIntyre without a rebound.
7:19 of 3rd period - Greg McKegg wins face-off versus Josh Gratton in Checkers zone.
7:52 of 3rd period - Tomas Vincour is hit by Rasmus Rissanen and loses puck.
8:25 of 3rd period - Wrist shot by Cedric Paquette.
8:25 of 3rd period - Shot Misses the Net.
8:43 of 3rd period - Benjamin Dieude-Fauvel is hit by Brandon Davidson.
8:55 of 3rd period - Wrist shot by Mark Zengerle.
8:55 of 3rd period - Stopped by Sam Brittain with a rebound.
9:07 of 3rd period - Slapshot by Mark Zengerle.
9:07 of 3rd period - Stopped by Sam Brittain without a rebound.
9:08 of 3rd period - Andrew Gordon wins face-off versus Greg McKegg in Moose zone.
9:16 of 3rd period - Minor Penalty to Garret Ross for Hooking.
9:17 of 3rd period - Josh Jooris wins face-off versus Michael Bournival in Moose zone.
9:22 of 3rd period - Icing by Michael Bournival.
9:23 of 3rd period - Michael Bournival wins face-off versus Josh Jooris in Checkers zone.
9:30 of 3rd period - Slapshot by Josh Jooris.
9:30 of 3rd period - Stopped by Drew MacIntyre without a rebound.
9:31 of 3rd period - Michael Bournival wins face-off versus Josh Jooris in Checkers zone.
9:51 of 3rd period - Snap shot by Cedric Paquette.
9:51 of 3rd period - Shot Blocked by Adam Cracknell.
9:53 of 3rd period - Backhand shot by Klas Dahlbeck.
9:53 of 3rd period - Stopped by Drew MacIntyre with a rebound.
9:55 of 3rd period - Snap shot by Rob Flick.
9:55 of 3rd period - Shot Misses the Net.
9:57 of 3rd period - Snap shot by Cedric Paquette.
9:57 of 3rd period - Shot Blocked by Blake Parlett.
10:50 of 3rd period - Martin Marincin is hit by Tomas Vincour and loses puck.
11:16 of 3rd period - Penalty to Garret Ross is over, Garret Ross is back on ice.
11:26 of 3rd period - Icing by Josh Jooris.
11:27 of 3rd period - Josh Jooris wins face-off versus Mark Zengerle in Moose zone.
11:58 of 3rd period - Slapshot by Wacey Hamilton.
11:58 of 3rd period - Stopped by Sam Brittain without a rebound.
11:59 of 3rd period - Colin Smith wins face-off versus Jim O'Brien in Moose zone.
11:59 of 3rd period - Colin Smith is hit by Jim O'Brien.
12:04 of 3rd period - Icing by Oscar Klefbom.
12:05 of 3rd period - Jim O'Brien wins face-off versus Colin Smith in Moose zone.
12:51 of 3rd period - Slapshot by Oscar Klefbom.
12:51 of 3rd period - Shot Blocked by Petteri Lindbohm.
12:53 of 3rd period - Snap shot by Joel Armia.
12:53 of 3rd period - Shot Misses the Net.
12:55 of 3rd period - Backhand shot by Klas Dahlbeck.
12:55 of 3rd period - Stopped by Drew MacIntyre with a rebound.
12:59 of 3rd period - Wrist shot by Martin Marincin.
12:59 of 3rd period - Stopped by Drew MacIntyre with a rebound.
13:01 of 3rd period - Slapshot by Martin Marincin.
13:01 of 3rd period - Deflect By Joel Armia.
13:01 of 3rd period - Stopped by Drew MacIntyre with a rebound.
13:03 of 3rd period - Snap shot by Joel Armia.
13:03 of 3rd period - Shot Blocked by Jim O'Brien.
13:05 of 3rd period - Slapshot by Ben Chiarot.
13:05 of 3rd period - Shot Blocked by Sean Backman.
13:07 of 3rd period - Slapshot by Ben Chiarot.
13:07 of 3rd period - Stopped by Drew MacIntyre with a rebound.
13:28 of 3rd period - Icing by Sean Backman.
13:29 of 3rd period - Jim O'Brien wins face-off versus Josh Jooris in Checkers zone.
13:34 of 3rd period - Tomas Vincour is hit by Brandon Davidson.
13:42 of 3rd period - Snap shot by Josh Jooris.
13:42 of 3rd period - Shot Blocked by Jim O'Brien.
13:44 of 3rd period - Snap shot by Cedric Paquette.
13:44 of 3rd period - Stopped by Drew MacIntyre with a rebound.
14:06 of 3rd period - Snap shot by Michael Bournival.
14:06 of 3rd period - Shot Blocked by Daniil Tarasov.
14:48 of 3rd period - Wrist shot by Garret Ross.
14:48 of 3rd period - Deflect By Blake Parlett.
14:48 of 3rd period - Shot Blocked by Julien Brouillette.
14:48 of 3rd period - Puck is out of play.
14:49 of 3rd period - Josh Jooris wins face-off versus Mark Zengerle in Checkers zone.
14:56 of 3rd period - Wrist shot by Josh Jooris.
14:56 of 3rd period - Stopped by Drew MacIntyre with a rebound.
14:58 of 3rd period - Slapshot by Ben Chiarot.
14:58 of 3rd period - Stopped by Drew MacIntyre with a rebound.
15:23 of 3rd period - Wrist shot by Darian Dziurzynski.
15:23 of 3rd period - Shot Misses the Net.
16:05 of 3rd period - Andrew Gordon is hit by Cedric Paquette and loses puck.
16:14 of 3rd period - Slapshot by Cedric Paquette.
16:14 of 3rd period - Stopped by Drew MacIntyre with a rebound.
16:16 of 3rd period - Slapshot by Klas Dahlbeck.
16:16 of 3rd period - Stopped by Drew MacIntyre without a rebound.
16:17 of 3rd period - Michael Bournival wins face-off versus Josh Jooris in Checkers zone.
16:36 of 3rd period - Snap shot by Wacey Hamilton.
16:36 of 3rd period - Stopped by Sam Brittain with a rebound.
16:38 of 3rd period - Slapshot by Petteri Lindbohm.
16:38 of 3rd period - Shot Blocked by Josh Jooris.
16:40 of 3rd period - Slapshot by Aaron Ness.
16:40 of 3rd period - Stopped by Sam Brittain with a rebound.
16:42 of 3rd period - Slapshot by Petteri Lindbohm.
16:42 of 3rd period - Deflect By Darian Dziurzynski.
16:42 of 3rd period - Shot Misses the Net.
16:42 of 3rd period - Puck is out of play.
16:43 of 3rd period - Greg McKegg wins face-off versus Mark Zengerle in Moose zone.
16:52 of 3rd period - Backhand shot by Garret Ross.
16:52 of 3rd period - Shot Misses the Net.
17:50 of 3rd period - Tomas Vincour is hit by Michael Schumacher and loses puck.
18:03 of 3rd period - Michael Bournival is hit by Joel Armia and loses puck.
18:37 of 3rd period - Minor Penalty to Blake Parlett for Hooking.
18:38 of 3rd period - Michael Bournival wins face-off versus Ryan Malone in Checkers zone.
18:48 of 3rd period - Snap shot by Josh Jooris.
18:48 of 3rd period - Shot Misses the Net.
19:48 of 3rd period - Oscar Klefbom is hit by Aaron Ness and loses puck.
Goals for this period are 0 for Moose vs 1 for Checkers.
Shots for this period are 15 for Moose vs 7 for Checkers.

Overtime #1


0:01 of 1st overtime period - Michael Bournival wins face-off versus Josh Jooris in neutral zone.
0:37 of 1st overtime period - Penalty to Blake Parlett is over, Blake Parlett is back on ice.
0:48 of 1st overtime period - Snap shot by Josh Jooris.
0:48 of 1st overtime period - Stopped by Drew MacIntyre without a rebound.
0:49 of 1st overtime period - Josh Jooris wins face-off versus Michael Bournival in Checkers zone.
0:50 of 1st overtime period - Slapshot by Cedric Paquette.
0:50 of 1st overtime period - Shot Misses the Net.
1:30 of 1st overtime period - Snap shot by Michael Bournival.
1:30 of 1st overtime period - Shot Misses the Net.
2:04 of 1st overtime period - Slapshot by Oscar Klefbom.
2:04 of 1st overtime period - Shot Blocked by Aaron Ness.
2:06 of 1st overtime period - Snap shot by Klas Dahlbeck.
2:06 of 1st overtime period - Deflect By Colin Smith.
2:06 of 1st overtime period - Stopped by Drew MacIntyre with a rebound.
2:08 of 1st overtime period - Slapshot by Oscar Klefbom.
2:08 of 1st overtime period - Stopped by Drew MacIntyre without a rebound.
2:09 of 1st overtime period - Colin Smith wins face-off versus Darian Dziurzynski in Checkers zone.
2:10 of 1st overtime period - Slapshot by Oscar Klefbom.
2:10 of 1st overtime period - Shot Misses the Net.
2:12 of 1st overtime period - Slapshot by Oscar Klefbom.
2:12 of 1st overtime period - Shot Blocked by Aaron Ness.
2:14 of 1st overtime period - Slapshot by Klas Dahlbeck.
2:14 of 1st overtime period - Stopped by Drew MacIntyre with a rebound.
2:16 of 1st overtime period - Snap shot by Daniil Tarasov.
2:16 of 1st overtime period - Shot Blocked by Petteri Lindbohm.
2:18 of 1st overtime period - Snap shot by Klas Dahlbeck.
2:18 of 1st overtime period - Stopped by Drew MacIntyre with a rebound.
2:20 of 1st overtime period - Slapshot by Klas Dahlbeck.
2:20 of 1st overtime period - Stopped by Drew MacIntyre with a rebound.
2:22 of 1st overtime period - Slapshot by Klas Dahlbeck.
2:22 of 1st overtime period - Stopped by Drew MacIntyre with a rebound.
2:38 of 1st overtime period - Petteri Lindbohm is hit by Klas Dahlbeck and loses puck.
2:45 of 1st overtime period - Wrist shot by Josh Jooris.
2:45 of 1st overtime period - Shot Misses the Net.
2:47 of 1st overtime period - Slapshot by Martin Marincin.
2:47 of 1st overtime period - Shot Hit the Post.
2:49 of 1st overtime period - Slapshot by Cedric Paquette.
2:49 of 1st overtime period - Shot Blocked by Petteri Lindbohm.
3:01 of 1st overtime period - Wrist shot by Martin Marincin.
3:01 of 1st overtime period - Shot Blocked by Petteri Lindbohm.
3:03 of 1st overtime period - Slapshot by Martin Marincin.
3:03 of 1st overtime period - Deflect By Colin Smith.
3:03 of 1st overtime period - Shot Misses the Net.
3:03 of 1st overtime period - Puck is out of play.
3:04 of 1st overtime period - Darian Dziurzynski wins face-off versus Colin Smith in Checkers zone.
3:09 of 1st overtime period - Daniil Tarasov is hit by Mark Zengerle and loses puck.
3:26 of 1st overtime period - Klas Dahlbeck is hit by Blake Parlett.
3:30 of 1st overtime period - Blake Parlett is hit by Klas Dahlbeck and loses puck.
4:33 of 1st overtime period - Slapshot by Oscar Klefbom.
4:33 of 1st overtime period - Shot Misses the Net.
4:35 of 1st overtime period - Slapshot by Martin Marincin.
4:35 of 1st overtime period - Shot Blocked by Adam Cracknell.
4:37 of 1st overtime period - Slapshot by Ben Chiarot.
4:37 of 1st overtime period - Deflect By Greg McKegg.
4:37 of 1st overtime period - Shot Misses the Net.
4:37 of 1st overtime period - Puck is out of play.
4:38 of 1st overtime period - Michael Bournival wins face-off versus Ryan Malone in Checkers zone.
Goals for this period are 0 for Moose vs 0 for Checkers.
Shots for this period are 7 for Moose vs 0 for Checkers.

ShootOut


5:00 of 1st overtime period - Penalty Shot by Josh Jooris for Moose.
5:00 of 1st overtime period - Wrist shot by Josh Jooris.
5:00 of 1st overtime period - Shot Misses the Net.
5:00 of 1st overtime period - Penalty Shot by Michael Bournival for Checkers.
5:00 of 1st overtime period - Snap shot by Michael Bournival.
5:00 of 1st overtime period - Goal by Michael Bournival.
5:00 of 1st overtime period - Penalty Shot by Cedric Paquette for Moose.
5:00 of 1st overtime period - Backhand shot by Cedric Paquette.
5:00 of 1st overtime period - Stopped by Drew MacIntyre.
5:00 of 1st overtime period - Penalty Shot by Adam Cracknell for Checkers.
5:00 of 1st overtime period - Wrist shot by Adam Cracknell.
5:00 of 1st overtime period - Stopped by Sam Brittain.
5:00 of 1st overtime period - Penalty Shot by Ryan Malone for Moose.
5:00 of 1st overtime period - Backhand shot by Ryan Malone.
5:00 of 1st overtime period - Shot Misses the Net.